 Dungeon Crawl Stone Soup version 0.26-a0-784-g51bffae0b1 (webtiles) character file.

Game seed: 2741177083790483073

475 RaHiT the Covert (level 7, -9/46 HPs)
             Began as an Octopode Delver on Nov 10, 2020.
             Mangled by an ogre
             ... wielding a cursed +0 giant club
              (13 damage)
             ... on level 4 of the Dungeon.
             The game lasted 00:16:49 (3213 turns).

RaHiT the Covert (Octopode Delver)                  Turns: 3213, Time: 00:16:49

Health: -9/46      AC:  1    Str: 11    XL:     7   Next: 10%
Magic:  7/7        EV: 13    Int: 15    God:
Gold:   134        SH:  0    Dex: 13    Spells: 6/6 levels left

rFire    . . .     SeeInvis .     - Unarmed
rCold    . . .     Faith    .   (no shield)
rNeg     . . .     Spirit   .   (helmet restricted)
rPois    .         Reflect  .   (no amulet)
rElec    .         Harm     .   k - ring of flight (curse)
rCorr    .         Rampage  .   (no ring)
MR       .....                  (no ring)
Stlth    +++++.....             (no ring)
HPRegen  0.15/turn              (no ring)
MPRegen  0.10/turn              (no ring)
                                (no ring)
                                (no ring)

@: no status effects
A: almost no armour, stealthy swim, amphibious, 8 rings, constrict 8, camouflage
1, gelatinous body 1
a: Evoke Flight


You were on level 4 of the Dungeon.
You visited 1 branch of the dungeon, and saw 5 of its levels.

You collected 184 gold pieces.
You spent 50 gold pieces at shops.

Inventory:

Missiles
 f - 4 boomerangs
 g - 42 arrows
 m - 10 bolts
 o - a throwing net
 q - 18 stones
 r - 6 curare-tipped darts (quivered)
 t - 8 boomerangs of dispersal
Jewellery
 k - a cursed ring of flight (left tentacle)
Wands
 e - a wand of digging (3)
Scrolls
 a - a scroll of fog
 b - 3 scrolls of magic mapping
 c - a scroll of fear
 h - 2 scrolls of enchant weapon
 l - 4 scrolls of remove curse
 s - a scroll of teleportation {unknown}
Potions
 d - 3 potions of heal wounds
 i - a potion of degeneration {unknown}
 j - a potion of mutation {unknown}
 n - a potion of brilliance {unknown}
 p - 2 potions of flight {unknown}


   Skills:
 - Level 3.0 Fighting
 - Level 2.0 Dodging
 + Level 9.2 Stealth
 - Level 6.0 Unarmed Combat


You had 6 spell levels left.
You didn't know any spells.
Your spell library contained the following spells:

 Spells                   Type           Power        Failure   Level
 Animate Skeleton         Necr           #.....       26%         1
 Apportation              Tloc           #.....       26%         1
 Corona                   Hex            #......      26%         1
 Summon Small Mammal      Summ           #...         26%         1


Dungeon Overview and Level Annotations

Branches:
Dungeon (5/15)
 Temple: D:4-7

Altars:
Ru

Shops:
D:4 !

Annotations:
D:4 3 runed translucent doors, Edmund; kelmiir's ghost, amateur OpEE


Innate Abilities, Weirdness & Mutations

You cannot wear most types of armour.
You are very stealthy in the water. (Stealth+)
You are amphibious.
You can wear up to eight rings at the same time.
You can use your tentacles to constrict eight enemies at once.
Your skin changes colour to match your surroundings (Stealth+).
Your rubbery body absorbs attacks. (AC +1, EV +1)


Message History

There is a stone staircase leading up here.
You closely miss the ogre. You tentacle-slap the ogre!
The ogre is moderately wounded.
The ogre barely misses you.
You tentacle-slap the ogre.
The ogre is moderately wounded.
You bludgeon the ogre!
The ogre is heavily wounded.
The ogre hits you with a cursed +0 giant club!
You tentacle-slap the ogre. Your squeeze misses the ogre.
The ogre is severely wounded.
The ogre hits you with a cursed +0 giant club!!
Ouch! That really hurt!
* * * LOW HITPOINT WARNING * * *
You tentacle-slap the ogre. Your squeeze misses the ogre.
The ogre is severely wounded.
You barely miss the ogre.
The ogre is severely wounded.
The ogre hits you with a cursed +0 giant club!
You die...

#........# #.#
#####.#### #.#
#.......# ##@##
#.##.##.###...##
#.##.##.##.....##
#..#.##.#.......##
##....##..........#
#..........O......'.
##....###.<@......###
##.#.# ##.....?.##
########.#####.....##
#..........# ##...##
#.###......# #'## #.#
#.)....# .#
#.###......# .#
#..........# ##.##
###.######## ...##


You could see Edmund and an ogre.

Vanquished Creatures
  Sigmund (D:2)
  A hound (D:4)
  2 orc wizards
  An orc priest (D:3)
  Jessica (D:2)
  An iguana (D:4)
  5 adders
  A white imp (D:4)
  An ooze (D:1)
  2 worms
  2 dart slugs
  2 leopard geckos
  11 orcs
  4 ball pythons
  2 giant cockroaches
  6 goblins
  7 hobgoblins
  4 kobolds
  2 quokkas (D:2)
  9 bats
  4 frilled lizards
  12 rats
81 creatures vanquished.

Notes
Turn   | Place    | Note
-------+----------+-------------------------------------------
     0 | D:5      | RaHiT the Octopode Delver began the quest for the Orb.
     0 | D:5      | Reached XP level 1. HP: 16/16 MP: 1/1
   118 | D:4      | Found a runed translucent gate.
   118 | D:4      | Found a runed translucent gate.
   118 | D:4      | Found a runed translucent gate.
   118 | D:4      | Noticed kelmiir's ghost (amateur OpEE)
   251 | D:4      | Noticed an iguana
   262 | D:4      | Killed an iguana
   262 | D:4      | Reached skill level 7 in Stealth
   262 | D:4      | Reached XP level 2. HP: 21/21 MP: 2/2
   262 | D:4      | Reached XP level 3. HP: 26/26 MP: 3/3
   434 | D:4      | Reached XP level 4. HP: 23/31 MP: 4/4
   451 | D:4      | Found Ruiska's Distillery.
   477 | D:4      | Bought a potion of heal wounds for 50 gold pieces
   614 | D:4      | Found a sacrificial altar of Ru.
   641 | D:4      | Noticed Edmund
   678 | D:4      | Noticed an ogre
   885 | D:2      | Reached XP level 5. HP: 24/36 MP: 5/5
  1221 | D:1      | Reached skill level 5 in Unarmed Combat
  1882 | D:2      | Noticed Jessica
  2041 | D:2      | Noticed Sigmund
  2109 | D:2      | Killed Jessica
  2243 | D:2      | Killed Sigmund
  2243 | D:2      | Reached skill level 8 in Stealth
  2243 | D:2      | Reached XP level 6. HP: 32/42 MP: 6/6
  2648 | D:3      | Reached skill level 9 in Stealth
  2648 | D:3      | Reached XP level 7. HP: 19/46 MP: 7/7
  3213 | D:4      | Mangled by an ogre

Illustrated notes

Levels and vault maps discovered:
D:1:      shiori_arrival_maze, layout_basic
D:2:      layout_rooms, uniq_sigmund, uniq_jessica
D:3:      layout_basic, grunt_ministairs_13
D:4:      layout_loops_corners, kennysheep_mini, gammafunk_ghost_necromancy,
          serial_shops, shop, uniq_edmund
D:5:      layout_layer_cave, minmay_temple_entry_mist

Skill      XL: |  1  2  3  4  5  6 |
---------------+-------------------+-----
Stealth        | 7 8 9 |  9.2
Unarmed Combat | 3 4 6 |  6.0
Fighting       | |  3.0
Dodging        | |  2.0

Action                   |  1- 3 |  4- 6 |  7- 9 || total
-------------------------+-------+-------+-------++-------
Melee: Unarmed           |    19 |   136 |    22 ||   177
       Tentacles         |     3 |    23 |     1 ||    27
       Constrict         |     4 |    37 |     5 ||    46
       Punch             |       |     7 |     2 ||     9
Throw: Boomerang         |    11 |    15 |       ||    26
       Dart              |       |     3 |       ||     3
  Use: Potion            |     2 |     1 |       ||     3
       Scroll            |       |     3 |       ||     3
 Stab: Sleeping          |       |    21 |     2 ||    23
Armor: Skin              |       |     8 |     2 ||    10
Dodge: Dodged            |     7 |    44 |     6 ||    57

Table legend: (Time is in decaauts)
 A = Elapsed time spent in this place.
 B = Non-inter-level travel time spent in this place.
 C = Inter-level travel time spent in this place.
 D = Time resting spent in this place.
 E = Time spent auto-exploring this place.
 F = Levels seen in this place.
 G = Mean time per level.
                   A        B        C        D        E       F      G
               +--------+--------+--------+--------+--------+-----+--------+
         Total |   3187 |   3080 |    107 |    602 |    937 |   5 |  637.4 |
       Dungeon |   3187 |   3080 |    107 |    602 |    937 |   5 |  637.4 |
               +--------+--------+--------+--------+--------+-----+--------+

Top non-repeatable levels by time:
     D:3: 935 daAuts
     D:1: 862 daAuts
     D:2: 712 daAuts
     D:4: 625 daAuts
     D:5: 52 daAuts
